[ AOE2 MATCH · #506528716 ]
UnrankedPersians vs Shu
Player's team · LOSS
Rival team · WIN
[ REPLAY ANALYSIS · EXTRACTED FROM THE RECORDED GAME ]
Feudal
8:25
Castle
23:00
Imperial
43:14
| APM avg | 50.6 |
| APM peak | 97 |
| eAPM avg | 26.3 |
| Villagers / military | 198 / 214 |
Focus
⚔️ 39.8% · 🌾 60.2%
Knight ×103 · Skirmisher ×64 · Scout Cavalry ×20 · Archer ×17 · Mangonel ×6 · Camel Scout ×2
Feudal
9:32
Castle
22:04
Imperial
36:39
| APM avg | 91.5 |
| APM peak | 190 |
| eAPM avg | 34.4 |
| Villagers / military | 272 / 207 |
Focus
⚔️ 46.5% · 🌾 53.5%
Spearman ×133 · Archer ×65 · Unknown (1959) ×30 · Unknown (1962) ×24 · Unknown (1944) ×14 · Unknown (1942) ×6
Match map
Initial resources + every placement click. Lines = walls · curves = elevation contours. ◆ gold · ⬟ stone · ● berries · ✦ relic · ◌ wall gap
Your base· ✓ Closed at 23:00 · 80t walls · 1 gate(s)
tanno's base· ✓ Closed at 22:04 · 37t walls · 1 gate(s)
Smoothed initial terrain · ◌ = detected wall gap · hover for details
Inputs per minute
— [PSCH] wolverito - - tanno
Build order — [PSCH] wolverito
First 150 of 674 actions detected
| 0:00 | Queue | Villager (Male) |
| 0:01 | Queue | Villager (Male) |
| 0:02 | Build | House |
| 0:03 | Build | House |
| 0:05 | Queue | Villager (Male) |
| 0:10 | Queue | Villager (Male) |
| 0:12 | Queue | Villager (Male) |
| 1:27 | Queue | Villager (Male) |
| 2:01 | Queue | Villager (Male) |
| 2:09 | Queue | Villager (Male) |
| 2:42 | Queue | Villager (Male) |
| 2:50 | Queue | Villager (Male) |
| 2:50 | Queue | Villager (Male) |
| 3:05 | Build | Lumber Camp |
| 3:17 | Build | House |
| 3:56 | Queue | Villager (Male) |
| 3:58 | Queue | Villager (Male) |
| 4:04 | Queue | Villager (Male) |
| 4:08 | Queue | Villager (Male) |
| 4:08 | Queue | Villager (Male) |
| 4:35 | Queue | Villager (Male) |
| 4:40 | Queue | Villager (Male) |
| 4:42 | Queue | Villager (Male) |
| 4:52 | Queue | Villager (Male) |
| 4:55 | Research | Loom |
| 5:21 | Build | Mill |
| 6:14 | Research | Feudal Age |
| 6:49 | Build | House |
| 6:52 | Queue | Villager (Male) |
| 6:59 | Queue | Villager (Male) |
| 7:02 | Queue | Villager (Male) |
| 7:27 | Build | Barracks |
| 8:25 | Age | Feudal Age |
| 8:30 | Build | Stable |
| 8:32 | Research | Double-Bit Axe |
| 9:04 | Queue | Villager (Male) |
| 9:06 | Build | House |
| 9:07 | Queue | Villager (Male) |
| 9:07 | Queue | Villager (Male) |
| 9:14 | Queue | Scout Cavalry |
| 9:23 | Build | Palisade Wall |
| 9:24 | Queue | Villager (Male) |
| 9:42 | Build | House |
| 9:43 | Queue | Villager (Male) |
| 10:02 | Build | Watch Tower |
| 10:29 | Build | Mining Camp |
| 10:30 | Queue | Villager (Male) |
| 10:47 | Queue | Villager (Male) |
| 11:01 | Queue | Scout Cavalry |
| 11:02 | Queue | Villager (Male) |
| 11:16 | Queue | Villager (Male) |
| 11:23 | Queue | Villager (Male) |
| 11:36 | Build | Palisade Wall |
| 11:56 | Queue | Scout Cavalry |
| 12:12 | Build | Palisade Wall |
| 12:15 | Build | Palisade Wall |
| 12:17 | Build | Palisade Wall |
| 12:17 | Build | Palisade Wall |
| 12:27 | Queue | Villager (Male) |
| 12:54 | Queue | Villager (Male) |
| 12:56 | Build | Farm |
| 12:56 | Build | Farm |
| 12:56 | Build | Farm |
| 12:56 | Build | Farm |
| 12:57 | Build | Farm |
| 12:57 | Build | Farm |
| 12:57 | Build | Farm |
| 12:57 | Queue | Villager (Male) |
| 13:01 | Build | Palisade Wall |
| 13:03 | Build | Palisade Wall |
| 13:19 | Build | Watch Tower |
| 13:21 | Queue | Villager (Male) |
| 13:26 | Build | House |
| 13:45 | Build | Farm |
| 14:18 | Build | Palisade Wall |
| 14:19 | Build | Palisade Wall |
| 14:20 | Build | Palisade Wall |
| 14:21 | Build | Palisade Wall |
| 14:27 | Queue | Villager (Male) |
| 14:31 | Build | Farm |
| 14:43 | Queue | Villager (Male) |
| 14:46 | Build | Palisade Wall |
| 15:04 | Queue | Villager (Male) |
| 15:04 | Queue | Villager (Male) |
| 15:15 | Build | House |
| 15:20 | Build | Mining Camp |
| 15:21 | Queue | Villager (Male) |
| 15:25 | Queue | Villager (Male) |
| 15:29 | Build | Palisade Wall |
| 15:45 | Build | Watch Tower |
| 15:47 | Queue | Villager (Male) |
| 15:48 | Build | Farm |
| 16:16 | Queue | Villager (Male) |
| 16:16 | Queue | Villager (Male) |
| 16:18 | Build | Farm |
| 16:42 | Build | Palisade Wall |
| 16:43 | Build | Palisade Wall |
| 16:44 | Build | Palisade Wall |
| 16:45 | Build | Palisade Wall |
| 16:46 | Build | Palisade Wall |
| 17:03 | Queue | Villager (Male) |
| 17:04 | Queue | Villager (Male) |
| 17:06 | Build | House |
| 17:15 | Build | Palisade Gate |
| 17:16 | Queue | Villager (Male) |
| 17:56 | Queue | Villager (Male) |
| 17:56 | Queue | Villager (Male) |
| 17:58 | Build | Farm |
| 18:01 | Build | Farm |
| 18:03 | Build | Farm |
| 18:05 | Build | Farm |
| 18:12 | Build | Watch Tower |
| 18:43 | Build | Farm |
| 18:50 | Queue | Villager (Male) |
| 18:53 | Build | House |
| 19:21 | Build | Watch Tower |
| 19:26 | Queue | Villager (Male) |
| 19:32 | Build | Blacksmith |
| 19:56 | Build | Palisade Wall |
| 19:56 | Build | Palisade Wall |
| 19:57 | Build | Palisade Wall |
| 19:58 | Build | Palisade Wall |
| 20:11 | Queue | Villager (Male) |
| 20:23 | Build | House |
| 20:27 | Research | Castle Age |
| 20:36 | Build | Watch Tower |
| 20:47 | Build | Lumber Camp |
| 20:52 | Queue | Villager (Male) |
| 20:52 | Queue | Villager (Male) |
| 20:52 | Queue | Villager (Male) |
| 21:01 | Research | Bloodlines |
| 21:05 | Build | Palisade Wall |
| 21:20 | Research | Scale Barding Armor |
| 21:30 | Build | Palisade Wall |
| 21:31 | Build | Palisade Wall |
| 21:32 | Build | Palisade Wall |
| 21:54 | Research | Fletching |
| 22:36 | Build | Farm |
| 22:52 | Build | Palisade Wall |
| 22:53 | Build | Palisade Wall |
| 23:00 | Age | Castle Age |
| 23:03 | Queue | Knight |
| 23:03 | Queue | Knight |
| 23:04 | Queue | Knight |
| 23:37 | Build | Watch Tower |
| 23:47 | Build | Siege Workshop |
| 23:48 | Queue | Villager (Male) |
| 23:49 | Queue | Knight |
| 23:50 | Queue | Knight |
| 23:57 | Queue | Villager (Male) |
Build order — tanno
First 150 of 850 actions detected
| 0:03 | Queue | Villager (Male) |
| 0:04 | Queue | Villager (Male) |
| 0:04 | Queue | Villager (Male) |
| 0:05 | Build | House |
| 0:07 | Build | House |
| 0:07 | Queue | Villager (Male) |
| 1:24 | Queue | Villager (Male) |
| 1:49 | Build | Lumber Camp |
| 1:58 | Queue | Villager (Male) |
| 2:10 | Queue | Villager (Male) |
| 2:38 | Queue | Villager (Male) |
| 2:39 | Queue | Villager (Male) |
| 3:00 | Queue | Villager (Male) |
| 3:00 | Queue | Villager (Male) |
| 3:31 | Queue | Villager (Male) |
| 3:55 | Build | House |
| 3:57 | Queue | Villager (Male) |
| 3:58 | Queue | Villager (Male) |
| 4:17 | Queue | Villager (Male) |
| 4:17 | Queue | Villager (Male) |
| 4:26 | Queue | Villager (Male) |
| 4:26 | Queue | Villager (Male) |
| 4:41 | Queue | Villager (Male) |
| 4:53 | Build | Lumber Camp |
| 4:57 | Queue | Villager (Male) |
| 5:12 | Queue | Villager (Male) |
| 5:26 | Queue | Villager (Male) |
| 5:26 | Queue | Villager (Male) |
| 5:31 | Queue | Villager (Male) |
| 5:39 | Build | House |
| 5:47 | Queue | Villager (Male) |
| 5:56 | Queue | Villager (Male) |
| 6:09 | Queue | Villager (Male) |
| 6:21 | Queue | Villager (Male) |
| 6:34 | Research | Loom |
| 6:50 | Build | Mill |
| 7:18 | Queue | Villager (Male) |
| 7:22 | Research | Feudal Age |
| 7:28 | Queue | Villager (Male) |
| 7:50 | Queue | Villager (Male) |
| 8:11 | Queue | Villager (Male) |
| 8:30 | Build | Barracks |
| 8:30 | Queue | Villager (Male) |
| 8:31 | Queue | Villager (Male) |
| 8:38 | Build | Palisade Wall |
| 8:39 | Build | Palisade Wall |
| 8:40 | Build | Palisade Wall |
| 8:42 | Build | Palisade Wall |
| 8:44 | Build | Palisade Wall |
| 8:53 | Queue | Villager (Male) |
| 8:53 | Queue | Villager (Male) |
| 9:18 | Queue | Villager (Male) |
| 9:18 | Queue | Villager (Male) |
| 9:32 | Age | Feudal Age |
| 9:38 | Build | Archery Range |
| 9:39 | Queue | Spearman |
| 9:39 | Queue | Spearman |
| 9:55 | Research | Double-Bit Axe |
| 9:58 | Queue | Villager (Male) |
| 9:58 | Queue | Villager (Male) |
| 10:03 | Queue | Villager (Male) |
| 10:03 | Queue | Villager (Male) |
| 10:22 | Queue | Villager (Male) |
| 10:25 | Build | Farm |
| 10:36 | Queue | Spearman |
| 10:38 | Queue | Villager (Male) |
| 10:38 | Queue | Villager (Male) |
| 10:41 | Build | House |
| 10:48 | Build | Farm |
| 10:52 | Build | House |
| 10:54 | Queue | Villager (Male) |
| 11:05 | Build | Palisade Wall |
| 11:07 | Build | Palisade Wall |
| 11:21 | Research | Horse Collar |
| 11:34 | Build | Palisade Wall |
| 11:39 | Build | Farm |
| 11:44 | Build | House |
| 11:45 | Queue | Villager (Male) |
| 11:45 | Queue | Villager (Male) |
| 11:47 | Build | Farm |
| 11:50 | Build | Farm |
| 12:12 | Build | Farm |
| 12:13 | Queue | Villager (Male) |
| 12:13 | Queue | Villager (Male) |
| 12:21 | Build | Palisade Wall |
| 12:41 | Queue | Villager (Male) |
| 12:41 | Queue | Villager (Male) |
| 12:46 | Build | Farm |
| 12:49 | Build | Farm |
| 12:59 | Build | Market |
| 13:01 | Build | House |
| 13:01 | Queue | Villager (Male) |
| 13:02 | Queue | Villager (Male) |
| 13:04 | Build | Farm |
| 13:06 | Queue | Villager (Male) |
| 13:11 | Build | Palisade Wall |
| 13:14 | Build | Farm |
| 13:24 | Build | Farm |
| 13:29 | Build | Palisade Gate |
| 13:46 | Queue | Villager (Male) |
| 13:46 | Queue | Villager (Male) |
| 13:49 | Build | House |
| 13:51 | Build | House |
| 13:58 | Queue | Skirmisher |
| 13:59 | Queue | Skirmisher |
| 13:59 | Queue | Archer |
| 13:59 | Queue | Archer |
| 14:03 | Queue | Villager (Male) |
| 14:11 | Build | House |
| 14:15 | Build | Lumber Camp |
| 14:24 | Queue | Villager (Male) |
| 14:35 | Queue | Villager (Male) |
| 14:40 | Queue | Villager (Male) |
| 14:58 | Queue | Villager (Male) |
| 15:04 | Queue | Spearman |
| 15:08 | Queue | Villager (Male) |
| 15:09 | Queue | Villager (Male) |
| 15:16 | Queue | Villager (Male) |
| 15:20 | Queue | Villager (Male) |
| 15:20 | Queue | Villager (Male) |
| 15:29 | Build | Lumber Camp |
| 15:31 | Queue | Villager (Male) |
| 15:46 | Queue | Villager (Male) |
| 15:56 | Queue | Villager (Male) |
| 16:14 | Queue | Archer |
| 16:19 | Queue | Villager (Male) |
| 16:20 | Queue | Villager (Male) |
| 16:21 | Queue | Villager (Male) |
| 16:31 | Queue | Villager (Male) |
| 16:31 | Queue | Villager (Male) |
| 16:34 | Build | Mining Camp |
| 16:47 | Build | Palisade Wall |
| 16:48 | Build | Palisade Wall |
| 16:52 | Queue | Villager (Male) |
| 16:58 | Queue | Villager (Male) |
| 16:59 | Queue | Villager (Male) |
| 16:59 | Queue | Villager (Male) |
| 16:59 | Queue | Villager (Male) |
| 17:01 | Queue | Villager (Male) |
| 17:01 | Queue | Villager (Male) |
| 17:05 | Queue | Villager (Male) |
| 17:13 | Build | House |
| 17:15 | Build | House |
| 17:21 | Queue | Villager (Male) |
| 17:21 | Queue | Villager (Male) |
| 17:23 | Queue | Villager (Male) |
| 17:33 | Queue | Villager (Male) |
| 17:34 | Queue | Villager (Male) |
| 17:41 | Build | Blacksmith |
| 17:59 | Queue | Villager (Male) |
Match timeline
| 7:27 | [PSCH] wolverito · first_building Barracks |
| 8:25 | [PSCH] wolverito · age_up feudal |
| 8:30 | [PSCH] wolverito · first_building Stable |
| 8:30 | tanno · first_building Barracks |
| 8:38 | tanno · wall_segment Palisade Wall x1 |
| 8:39 | tanno · wall_segment Palisade Wall x1 |
| 8:40 | tanno · wall_segment Palisade Wall x1 |
| 8:42 | tanno · wall_segment Palisade Wall x1 |
| 8:44 | tanno · wall_segment Palisade Wall x1 |
| 9:23 | [PSCH] wolverito · wall_segment Palisade Wall x6 |
| 9:32 | tanno · age_up feudal |
| 9:38 | tanno · first_building Archery Range |
| 11:05 | tanno · wall_segment Palisade Wall x4 |
| 11:07 | tanno · wall_segment Palisade Wall x5 |
| 11:34 | tanno · wall_segment Palisade Wall x1 |
| 11:36 | [PSCH] wolverito · wall_segment Palisade Wall x11 |
| 12:12 | [PSCH] wolverito · wall_segment Palisade Wall x2 |
| 12:15 | [PSCH] wolverito · wall_segment Palisade Wall x2 |
| 12:17 | [PSCH] wolverito · wall_segment Palisade Wall x2 |
| 12:17 | [PSCH] wolverito · wall_segment Palisade Wall x2 |
| 12:21 | tanno · wall_segment Palisade Wall x4 |
| 13:01 | [PSCH] wolverito · wall_segment Palisade Wall x13 |
| 13:03 | [PSCH] wolverito · wall_segment Palisade Wall x9 |
| 13:11 | tanno · wall_segment Palisade Wall x11 |
| 14:18 | [PSCH] wolverito · wall_segment Palisade Wall x1 |
| 14:19 | [PSCH] wolverito · wall_segment Palisade Wall x3 |
| 14:20 | [PSCH] wolverito · wall_segment Palisade Wall x3 |
| 14:21 | [PSCH] wolverito · wall_segment Palisade Wall x2 |
| 14:46 | [PSCH] wolverito · wall_segment Palisade Wall x5 |
| 15:29 | [PSCH] wolverito · wall_segment Palisade Wall x2 |
| 15:43 | tanno · first_market_sell 100 stone |
| 16:42 | [PSCH] wolverito · wall_segment Palisade Wall x1 |
| 16:43 | [PSCH] wolverito · wall_segment Palisade Wall x2 |
| 16:44 | [PSCH] wolverito · wall_segment Palisade Wall x3 |
| 16:45 | [PSCH] wolverito · wall_segment Palisade Wall x2 |
| 16:46 | [PSCH] wolverito · wall_segment Palisade Wall x1 |
| 16:47 | tanno · wall_segment Palisade Wall x6 |
| 16:48 | tanno · wall_segment Palisade Wall x1 |
| 19:56 | [PSCH] wolverito · wall_segment Palisade Wall x3 |
| 19:56 | [PSCH] wolverito · wall_segment Palisade Wall x3 |
| 19:57 | [PSCH] wolverito · wall_segment Palisade Wall x3 |
| 19:58 | [PSCH] wolverito · wall_segment Palisade Wall x2 |
| 21:05 | [PSCH] wolverito · wall_segment Palisade Wall x1 |
| 21:30 | [PSCH] wolverito · wall_segment Palisade Wall x2 |
| 21:31 | [PSCH] wolverito · wall_segment Palisade Wall x2 |
| 21:32 | [PSCH] wolverito · wall_segment Palisade Wall x1 |
| 22:04 | tanno · age_up castle |
| 22:52 | [PSCH] wolverito · wall_segment Palisade Wall x1 |
| 22:53 | [PSCH] wolverito · wall_segment Palisade Wall x1 |
| 23:00 | [PSCH] wolverito · age_up castle |
| 23:25 | tanno · first_market_buy 100 stone |
| 23:47 | [PSCH] wolverito · first_building Siege Workshop |
| 26:16 | tanno · first_building Siege Workshop |
| 28:26 | [PSCH] wolverito · first_market_buy 100 food |
| 32:34 | [PSCH] wolverito · first_building Castle |
| 36:39 | tanno · age_up imperial |
| 38:25 | [PSCH] wolverito · first_market_sell 100 wood |
| 43:14 | [PSCH] wolverito · age_up imperial |
| 48:38 | tanno · first_building Castle |
| 48:43 | tanno · wall_segment Stone Wall x3 |
| 48:44 | tanno · wall_segment Stone Wall x3 |
| 49:42 | [PSCH] wolverito · wall_segment Palisade Wall x10 |
| 49:45 | [PSCH] wolverito · wall_segment Stone Wall x7 |
| 51:25 | [PSCH] wolverito · first_building Archery Range |
| 55:12 | tanno · wall_segment Stone Wall x19 |
| 57:22 | tanno · first_building Monastery |
| 57:54 | tanno · first_building Stable |
| 69:18 | [PSCH] wolverito · resign |
[ AI ANALYSIS · 1 CREDIT ]
What really happened in this match?
Wolo.gg analyzes every decision: build order, eco, micro, common mistakes by bracket. Personalized analysis on WhatsApp or Discord in 30 seconds.
Civ guide
Persians
Perfil
[PSCH] wolverito